AoeStats
← Sodythaek

Arabia

509915085Analyzed
1v1 RM · 5d ago on Sep 28, 2026· 30m 28s· 2 players
Game mode
Random Map
Map size
Tiny (2 player)
Population
200
Speed
Normal
Resources
Standard
Victory
Conquest
Starting age
Dark Age
Ending age
Imperial Age
RankedLock teamsTeams togetherTeam positionsShared explorationLock speedFull tech treeHidden civsTurbo modeCheats
Victory
Defeat
🇬🇷 Japanese · Greece
1219
+17
🇫🇷 Danes · France
1241
-17
Dancergr
6:48 Loom
9:44 Feudal Age
9:48 Man-at-Arms
10:37 Double-Bit Axe
16:04 Fletching
17:01 Arson
18:53 Padded Archer Armor
20:04 Scale Mail Armor
25:09 Castle Age
23:41 Forging
24:10 Horse Collar
25:13 Long Swordsman
26:33 Iron Casting
25:52 Gambesons
25:38 Elite Skirmisher
27:39 Leather Archer Armor
28:08 Pikeman
29:26 Squires
Sodythaek
6:46 Loom
9:31 Feudal Age
14:43 Double-Bit Axe
17:19 Fletching
20:23 Forging
21:12 Padded Archer Armor
26:43 Castle Age
27:33 Scale Barding Armor
28:49 Chain Barding Armor
29:12 Gold Mining
Connection lost

Rejoining the realm…

Still unreachable

The connection could not be restored.

Session expired

The server has moved on; the page needs a fresh start.